TOP OF THE 1ST |
Danville Braves batting - Pitching for Washington (APP) Nationals : RHP Ramiro Ramirez
|
Pitching: RHP Ramiro Ramirez
|
|
Batting: RHB Zach Hulme
|
0-0: Ball 1-0: Foul Ball, location: 2F 1-1: Ball 2-1: Ball 3-1: Foul Ball, location: 2F 3-2: Base on Balls
|
Batting: RHB George Provance
|
0-0: SINGLE (Groundball, 6M, EV 102.5 MPH) (infield hit) Zach Hulme to second
|
Batting: SHB Jose Melendez
|
0-0: Called Strike 0-1: SINGLE (Groundball, 4MD, EV 106.9 MPH) (infield hit) Zach Hulme to third George Provance to second
|
Batting: RHB Yojiro Hayashi
|
0-0: Ball 1-0: Called Strike 1-1: DOUBLE (Flyball, 78XD, EV 115.6 MPH) Zach Hulme scores George Provance scores Jose Melendez to third
|
Batting: RHB Brandon Burrell
|
0-0: Ball Passed Ball! Jose Melendez scores Yojiro Hayashi to third 1-0: SINGLE (Groundball, 34D, EV 98.8 MPH) Yojiro Hayashi scores
|
Batting: RHB Armando Moz
|
0-0: Fly out, F8 (Flyball, 8RM, EV 80.0 MPH)
|
Batting: RHB Terry Hughes
|
0-0: Ball 1-0: 2-RUN HOME RUN (Flyball, 78XD, EV 105.0 MPH), Distance : 421 ft
|
Batting: RHB Gerard Michel
|
0-0: Called Strike 0-1: Ball 1-1: Ball 2-1: Ball 3-1: Swinging Strike 3-2: Base on Balls
|
Pitching: RHP Omar Perez
|
|
Batting: RHB Adrian Billups
|
0-0: Ball 1-0: Ball 2-0: Foul Ball, location: 2F 2-1: Foul Ball, location: 2F 2-2: Ground out 5-3 (Groundball, 56S, EV 66.9 MPH) Gerard Michel to second
|
Batting: RHB Zach Hulme
|
0-0: Ball 1-0: Ball 2-0: Ball 3-0: Base on Balls
|
Batting: RHB George Provance
|
0-0: Foul Ball, location: 2F 0-1: Ball 1-1: DOUBLE (Line Drive, 9LM, EV 99.4 MPH) Gerard Michel scores Zach Hulme to third Runner from 3rd tries for Home, SAFE, no throw by RF
|
Batting: SHB Jose Melendez
|
0-0: Called Strike 0-1: Called Strike 0-2: Ball 1-2: SINGLE (Groundball, 6M, EV 98.1 MPH) George Provance to third Throwing error, E8 George Provance scores Jose Melendez to second
|
Batting: RHB Yojiro Hayashi
|
0-0: Ball 1-0: Ball 2-0: Ball 3-0: Base on Balls
|
Batting: RHB Brandon Burrell
|
0-0: Called Strike 0-1: DOUBLE (Line Drive, 89XD, EV 102.5 MPH) Jose Melendez scores Yojiro Hayashi to third
|
Pitching: RHP Jim Weidman
|
|
Batting: RHB Armando Moz
|
0-0: Called Strike 0-1: Hit by Pitch
|
Batting: RHB Terry Hughes
|
0-0: Called Strike 0-1: Called Strike 0-2: Foul Ball, location: 2F 0-2: Ball 1-2: TRIPLE (Flyball, 8RXD, EV 88.8 MPH) Yojiro Hayashi scores Brandon Burrell scores Armando Moz scores
|
Batting: RHB Gerard Michel
|
0-0: Ball 1-0: Called Strike 1-1: Ball 2-1: Reached on error, E5 (Groundball, 56S, EV 81.2 MPH) Terry Hughes scores
|
Batting: RHB Adrian Billups
|
0-0: Ball Passed Ball! Gerard Michel to second 1-0: Ball Wild Pitch! Gerard Michel to third 2-0: Ball 3-0: Called Strike 3-1: Swinging Strike 3-2: SINGLE (Groundball, 25, EV 71.2 MPH) (infield hit) Gerard Michel scores
|
Batting: RHB Zach Hulme
|
0-0: Ball 1-0: Ball 2-0: Ball 3-0: Base on Balls Adrian Billups to second
|
Pitching: RHP Steve Kunselman
|
|
Batting: RHB George Provance
|
0-0: Fly out, F5 (Popup, 25, EV 91.2 MPH)
|
Top of the 1st over - 15 runs, 10 hits, 2 errors, 2 left on base; Danville 15 - Washington (APP) 0 |
BOTTOM OF THE 1ST |
Washington (APP) Nationals batting - Pitching for Danville Braves : RHP Rick Grenfell
|
Pitching: RHP Rick Grenfell
|
|
Batting: RHB Leo Gutierrez
|
0-0: Ball 1-0: Ball 2-0: Ball 3-0: Base on Balls
|
Batting: LHB Vince McLane
|
0-0: Ball 1-0: Foul Ball, location: 2F 1-1: Ball 2-1: Ground out 6-3 (Groundball, 6MS, EV 85.0 MPH) Leo Gutierrez to second
|
Batting: RHB Gregg Huddleston
|
0-0: Called Strike 0-1: Foul Ball, location: 2F 0-2: Strikes out swinging
|
Batting: RHB Antonio Vallez
|
0-0: Ball 1-0: Ball 2-0: Called Strike 2-1: Called Strike 2-2: Foul Ball, location: 2F 2-2: Strikes out swinging
|
Bottom of the 1st over - 0 runs, 0 hits, 0 errors, 1 left on base; Danville 15 - Washington (APP) 0 |
TOP OF THE 2ND |
Danville Braves batting - Pitching for Washington (APP) Nationals : RHP Steve Kunselman
|
Batting: SHB Jose Melendez
|
0-0: Ball 1-0: Swinging Strike 1-1: Called Strike 1-2: Foul Ball, location: 2F 1-2: Ground out 5-3 (Groundball, 56, EV 108.1 MPH)
|
Batting: RHB Yojiro Hayashi
|
0-0: SOLO HOME RUN (Flyball, 78XD, EV 106.2 MPH), Distance : 428 ft
|
Batting: RHB Brandon Burrell
|
0-0: Called Strike 0-1: Ball 1-1: Fly out, F5 (Popup, 5SF, EV 70.0 MPH)
|
Batting: RHB Armando Moz
|
0-0: Called Strike 0-1: Ball 1-1: Ball 2-1: Ball 3-1: Base on Balls
|
Batting: RHB Terry Hughes
|
0-0: Ball 1-0: Ball 2-0: Ball 3-0: Called Strike 3-1: Base on Balls Armando Moz to second
|
Pitching: RHP Greg Hall
|
|
Batting: RHB Gerard Michel
|
0-0: Ball 1-0: Foul Ball, location: 2F 1-1: Called Strike 1-2: Foul Ball, location: 2F 1-2: Fly out, F8 (Flyball, 8RXD, EV 107.5 MPH)
|
Top of the 2nd over - 1 run, 1 hit, 0 errors, 2 left on base; Danville 16 - Washington (APP) 0 |
BOTTOM OF THE 2ND |
Washington (APP) Nationals batting - Pitching for Danville Braves : RHP Rick Grenfell
|
Batting: RHB Lamar Thornton
|
0-0: Called Strike 0-1: Called Strike 0-2: Strikes out swinging
|
Batting: SHB Curtis DeLille
|
0-0: Foul Ball, location: 2F 0-1: Foul Ball, location: 2F 0-2: Ball 1-2: Ball 2-2: Foul Ball, location: 2F 2-2: SINGLE (Groundball, 4MD, EV 103.1 MPH)
|
Batting: RHB Chad Madsen
|
0-0: Called Strike 0-1: Ball 1-1: Ball 2-1: Fly out, F9 (Flyball, 9LM, EV 100.6 MPH)
|
Batting: RHB Jelexiz Cuenca
|
0-0: Fielders Choice at 2nd, 6-4 (Groundball, 6, EV 82.5 MPH)
|
Bottom of the 2nd over - 0 runs, 1 hit, 0 errors, 1 left on base; Danville 16 - Washington (APP) 0 |
TOP OF THE 3RD |
Danville Braves batting - Pitching for Washington (APP) Nationals : RHP Greg Hall
|
Batting: RHB Adrian Billups
|
0-0: Swinging Strike 0-1: Foul Ball, location: 2F 0-2: Ball 1-2: Reached on error, E4 (Groundball, 4M, EV 89.4 MPH)
|
Batting: RHB Zach Hulme
|
0-0: Ball 1-0: Ball 2-0: Ball 3-0: Called Strike 3-1: TRIPLE (Line Drive, 78XD, EV 108.1 MPH) Adrian Billups scores
|
Batting: RHB George Provance
|
0-0: Called Strike 0-1: Ground out 4-3 (Groundball, 4, EV 85.6 MPH) Zach Hulme scores
|
Batting: SHB Jose Melendez
|
0-0: Ball 1-0: Ball 2-0: Ball 3-0: Base on Balls
|
Pitching: LHP Mike Rosas
|
|
Batting: RHB Yojiro Hayashi
|
0-0: Ball 1-0: Called Strike 1-1: Called Strike 1-2: DOUBLE (Line Drive, 89M, EV 99.4 MPH) Jose Melendez to third
|
Batting: RHB Brandon Burrell
|
0-0: Ball 1-0: Ball 2-0: Foul Ball, location: 2F 2-1: Swinging Strike 2-2: Ground out 5-3 (Groundball, 56, EV 88.8 MPH) Jose Melendez scores
|
Batting: RHB Armando Moz
|
0-0: SINGLE (Line Drive, 9S, EV 99.4 MPH) Yojiro Hayashi to third Runner from 3rd tries for Home, SAFE, throw by RF to home Armando Moz to second
|
Batting: RHB Terry Hughes
|
0-0: Ball 1-0: Ball 2-0: Foul Ball, location: 2F 2-1: Swinging Strike 2-2: Foul Ball, location: 2F 2-2: Ball 3-2: Foul Ball, location: 2F 3-2: Foul Ball, location: 2F 3-2: Base on Balls
|
Pitching: RHP Matt Seivert
|
|
Batting: RHB Gerard Michel
|
0-0: Called Strike 0-1: Ball 1-1: Ball 2-1: Ground out 4-3 (Groundball, 4, EV 86.2 MPH)
|
Top of the 3rd over - 4 runs, 3 hits, 1 error, 2 left on base; Danville 20 - Washington (APP) 0 |
BOTTOM OF THE 3RD |
Washington (APP) Nationals batting - Pitching for Danville Braves : RHP Rick Grenfell
|
Batting: RHB Jason Ewert
|
0-0: Ground out 4-3 (Groundball, 4, EV 85.6 MPH)
|
Batting: RHB Leo Gutierrez
|
0-0: Foul Ball, location: 2F 0-1: Ball 1-1: Fly out, F9 (Flyball, 9LS, EV 81.2 MPH)
|
Batting: LHB Vince McLane
|
0-0: Called Strike 0-1: Ball 1-1: Foul Ball, location: 2F 1-2: Foul Ball, location: 2F 1-2: Fly out, F4 (Line Drive, 4, EV 63.1 MPH)
|
Bottom of the 3rd over - 0 runs, 0 hits, 0 errors, 0 left on base; Danville 20 - Washington (APP) 0 |
TOP OF THE 4TH |
Danville Braves batting - Pitching for Washington (APP) Nationals : RHP Matt Seivert
|
Batting: RHB Adrian Billups
|
0-0: Foul Ball, location: 2F 0-1: Ball 1-1: Ball 2-1: Ground out 4-3 (Groundball, 4M, EV 87.5 MPH)
|
Batting: RHB Zach Hulme
|
0-0: Ball 1-0: Foul Ball, location: 2F 1-1: Fly out, F7 (Flyball, 7LD, EV 87.5 MPH)
|
Batting: RHB George Provance
|
0-0: Called Strike 0-1: Ball 1-1: Ball 2-1: Ball 3-1: Foul Ball, location: 2F 3-2: Foul Ball, location: 2F 3-2: Base on Balls
|
Pitching: RHP Matt Norris
|
|
Batting: SHB Jose Melendez
|
0-0: Fielders Choice at 2nd, 5-4 (Groundball, 5, EV 90.6 MPH)
|
Top of the 4th over - 0 runs, 0 hits, 0 errors, 1 left on base; Danville 20 - Washington (APP) 0 |
BOTTOM OF THE 4TH |
Washington (APP) Nationals batting - Pitching for Danville Braves : RHP Rick Grenfell
|
Batting: RHB Gregg Huddleston
|
0-0: Swinging Strike 0-1: Swinging Strike 0-2: Fly out, F9 (Line Drive, 9, EV 106.2 MPH)
|
Batting: RHB Antonio Vallez
|
0-0: Ball 1-0: Ball 2-0: Ball 3-0: Called Strike 3-1: Foul Ball, location: 2F 3-2: Foul Ball, location: 2F 3-2: Strikes out swinging
|
Batting: RHB Lamar Thornton
|
0-0: Swinging Strike 0-1: SINGLE (Groundball, 34D, EV 102.5 MPH)
|
Batting: SHB Curtis DeLille
|
0-0: Ball Lamar Thornton steals 2nd base (no throw) 1-0: Ball 2-0: Called Strike 2-1: Swinging Strike 2-2: Ball 3-2: Foul Ball, location: 2F 3-2: Ground out 4-3 (Groundball, 4, EV 85.6 MPH)
|
Bottom of the 4th over - 0 runs, 1 hit, 0 errors, 1 left on base; Danville 20 - Washington (APP) 0 |
TOP OF THE 5TH |
Danville Braves batting - Pitching for Washington (APP) Nationals : RHP Matt Norris
|
Batting: RHB Yojiro Hayashi
|
0-0: Ball 1-0: Fly out, F4 (Line Drive, 4, EV 68.1 MPH)
|
Batting: RHB Brandon Burrell
|
0-0: Foul Ball, location: 2F 0-1: Ball 1-1: Ball 2-1: Ball 3-1: Foul Ball, location: 2F 3-2: Foul Ball, location: 2F 3-2: Foul Ball, location: 2F 3-2: Base on Balls
|
Batting: RHB Armando Moz
|
0-0: Ball 1-0: Swinging Strike 1-1: Swinging Strike 1-2: Ball 2-2: Ball 3-2: Base on Balls Brandon Burrell to second
|
Batting: RHB Terry Hughes
|
0-0: Ball 1-0: Foul Ball, location: 2F 1-1: Foul Ball, location: 2F 1-2: Ball 2-2: Ball 3-2: Foul Ball, location: 2F 3-2: Foul Ball, location: 2F 3-2: Base on Balls Brandon Burrell to third Armando Moz to second
|
Batting: RHB Gerard Michel
|
0-0: Called Strike 0-1: Called Strike 0-2: Hit by Pitch Brandon Burrell scores Armando Moz to third Terry Hughes to second
|
Batting: RHB Adrian Billups
|
0-0: Swinging Strike 0-1: Ball 1-1: Ball 2-1: Swinging Strike 2-2: Reached on error, E6 (Groundball, 6, EV 92.5 MPH) Armando Moz scores Terry Hughes to third Gerard Michel to second
|
Batting: RHB Zach Hulme
|
0-0: Ball 1-0: Foul Ball, location: 2F 1-1: Foul Ball, location: 2F 1-2: Grounds into double play, 3-6-3 (Groundball, 34, EV 85.6 MPH)
|
Top of the 5th over - 2 runs, 0 hits, 1 error, 2 left on base; Danville 22 - Washington (APP) 0 |
BOTTOM OF THE 5TH |
Washington (APP) Nationals batting - Pitching for Danville Braves : RHP Rick Grenfell
|
Batting: RHB Chad Madsen
|
0-0: Ball 1-0: Foul Ball, location: 2F 1-1: Ball 2-1: Foul Ball, location: 2F 2-2: Strikes out looking
|
Batting: RHB Jelexiz Cuenca
|
0-0: Called Strike 0-1: Ball 1-1: Swinging Strike 1-2: Strikes out swinging
|
Batting: RHB Jason Ewert
|
0-0: Called Strike 0-1: Swinging Strike 0-2: Ball 1-2: Strikes out swinging
|
Bottom of the 5th over - 0 runs, 0 hits, 0 errors, 0 left on base; Danville 22 - Washington (APP) 0 |
TOP OF THE 6TH |
Danville Braves batting - Pitching for Washington (APP) Nationals : RHP Matt Norris
|
Batting: RHB George Provance
|
0-0: Called Strike 0-1: Hit by Pitch
|
Batting: SHB Jose Melendez
|
0-0: Ball 1-0: Swinging Strike 1-1: 2-RUN HOME RUN (Flyball, 9D, EV 94.4 MPH), Distance : 358 ft
|
Batting: RHB Yojiro Hayashi
|
0-0: Ball 1-0: Ball 2-0: Called Strike 2-1: Ball 3-1: Base on Balls
|
Batting: RHB Brandon Burrell
|
0-0: Ball 1-0: Ball 2-0: Ball 3-0: Base on Balls Yojiro Hayashi to second
|
Batting: RHB Armando Moz
|
0-0: Swinging Strike 0-1: Ball 1-1: Fielders Choice at 2nd, 6-4 (Groundball, 6, EV 76.9 MPH) Yojiro Hayashi to third
|
Batting: RHB Terry Hughes
|
0-0: Ball 1-0: Ball 2-0: Ball 3-0: Called Strike 3-1: Foul Ball, location: 2F 3-2: Foul Ball, location: 2F 3-2: Foul Ball, location: 2F 3-2: Grounds into double play, 6-4-3 (Groundball, 6, EV 96.9 MPH)
|
Top of the 6th over - 2 runs, 1 hit, 0 errors, 1 left on base; Danville 24 - Washington (APP) 0 |
BOTTOM OF THE 6TH |
Washington (APP) Nationals batting - Pitching for Danville Braves : RHP Rick Grenfell
|
Batting: RHB Leo Gutierrez
|
0-0: Called Strike 0-1: Ball 1-1: SINGLE (Groundball, 56S, EV 72.5 MPH) (infield hit)
|
Batting: LHB Vince McLane
|
0-0: Ball 1-0: Called Strike Leo Gutierrez steals 2nd base (no throw) 1-1: Swinging Strike 1-2: Ball 2-2: Fly out, F7 (Line Drive, 7, EV 90.6 MPH)
|
Batting: RHB Gregg Huddleston
|
0-0: Called Strike 0-1: Ball 1-1: Swinging Strike 1-2: Fly out, F6 (Popup, P, EV 82.5 MPH)
|
Batting: RHB Antonio Vallez
|
0-0: Called Strike 0-1: Ground out 4-3 (Groundball, 4, EV 87.5 MPH)
|
Bottom of the 6th over - 0 runs, 1 hit, 0 errors, 1 left on base; Danville 24 - Washington (APP) 0 |
TOP OF THE 7TH |
Danville Braves batting - Pitching for Washington (APP) Nationals : RHP Matt Norris
|
Batting: RHB Gerard Michel
|
0-0: Called Strike 0-1: Ball 1-1: Ball 2-1: SINGLE (Groundball, 5S, EV 65.6 MPH) (infield hit)
|
Batting: RHB Adrian Billups
|
0-0: Called Strike 0-1: Fielders Choice at 2nd, 1-4 (Groundball, 15S, EV 68.8 MPH)
|
Batting: RHB Zach Hulme
|
0-0: Ball 1-0: Ball 2-0: Ball 3-0: Base on Balls Adrian Billups to second
|
Batting: RHB George Provance
|
0-0: Swinging Strike 0-1: Ball 1-1: Foul Ball, location: 2F 1-2: SINGLE (Groundball, 34D, EV 102.5 MPH) Adrian Billups to third Zach Hulme to second
|
Batting: SHB Jose Melendez
|
0-0: Foul Ball, location: 2F 0-1: Ball 1-1: Fly out, F8 (Flyball, 89D, EV 103.1 MPH) Runner from 3rd tags up, OUT at HOME! 8-2
|
Top of the 7th over - 0 runs, 2 hits, 0 errors, 2 left on base; Danville 24 - Washington (APP) 0 |
BOTTOM OF THE 7TH |
Washington (APP) Nationals batting - Pitching for Danville Braves : RHP Rick Grenfell
|
Batting: RHB Lamar Thornton
|
0-0: Ball 1-0: Called Strike 1-1: Ball 2-1: Swinging Strike 2-2: Foul Ball, location: 2F 2-2: Foul Ball, location: 2F 2-2: SINGLE (Line Drive, 4D, EV 99.4 MPH)
|
Batting: SHB Curtis DeLille
|
0-0: Called Strike 0-1: Called Strike 0-2: Strikes out looking
|
Pitching: RHP Jeremy Mash
|
|
Batting: RHB Chad Madsen
|
0-0: Ball 1-0: Foul Ball, location: 2F 1-1: Foul Ball, location: 2F 1-2: Foul Ball, location: 2F 1-2: Ball 2-2: Strikes out looking
|
Batting: RHB Jelexiz Cuenca
|
0-0: Foul Ball, location: 2F 0-1: Fly out, F8 (Line Drive, 8LM, EV 88.8 MPH)
|
Bottom of the 7th over - 0 runs, 1 hit, 0 errors, 1 left on base; Danville 24 - Washington (APP) 0 |
TOP OF THE 8TH |
Danville Braves batting - Pitching for Washington (APP) Nationals : RHP Matt Norris
|
Batting: RHB Yojiro Hayashi
|
0-0: Ball 1-0: Called Strike 1-1: Foul Ball, location: 2F 1-2: Foul Ball, location: 2F 1-2: Foul Ball, location: 2F 1-2: Ground out U3 (Groundball, 23, EV 81.2 MPH)
|
Batting: RHB Brandon Burrell
|
0-0: Ball 1-0: Called Strike 1-1: Ball 2-1: Ball 3-1: Base on Balls
|
Batting: RHB Armando Moz
|
0-0: Ball 1-0: Ball 2-0: Ball 3-0: Base on Balls Brandon Burrell to second
|
Batting: RHB Terry Hughes
|
0-0: SINGLE (Flyball, 4MD, EV 80.6 MPH) Brandon Burrell to third Armando Moz to second
|
Batting: RHB Gerard Michel
|
0-0: Called Strike 0-1: DOUBLE (Flyball, 8LXD, EV 107.5 MPH) Brandon Burrell scores Armando Moz scores Terry Hughes to third
|
Batting: RHB Adrian Billups
|
0-0: Ball 1-0: Ground out 6-3 (Groundball, 6, EV 85.0 MPH) Terry Hughes scores
|
Batting: RHB Zach Hulme
|
0-0: Fly out, F7 (Line Drive, 7D, EV 103.1 MPH)
|
Top of the 8th over - 3 runs, 2 hits, 0 errors, 1 left on base; Danville 27 - Washington (APP) 0 |
BOTTOM OF THE 8TH |
Washington (APP) Nationals batting - Pitching for Danville Braves : RHP Jeremy Mash
|
Batting: RHB Jason Ewert
|
0-0: Foul Ball, location: 2F 0-1: Ball 1-1: Swinging Strike 1-2: Strikes out swinging
|
Batting: RHB Leo Gutierrez
|
0-0: Called Strike 0-1: Foul Ball, location: 2F 0-2: Foul Ball, location: 2F 0-2: Strikes out looking
|
Batting: LHB Vince McLane
|
0-0: Ball 1-0: Called Strike 1-1: Fly out, F9 (Flyball, 89M, EV 91.9 MPH)
|
Bottom of the 8th over - 0 runs, 0 hits, 0 errors, 0 left on base; Danville 27 - Washington (APP) 0 |
TOP OF THE 9TH |
Danville Braves batting - Pitching for Washington (APP) Nationals : RHP Matt Norris
|
Batting: RHB George Provance
|
0-0: Ground out 5-3 (Groundball, 5L, EV 90.6 MPH)
|
Batting: SHB Jose Melendez
|
0-0: Ground out 3-1 (Groundball, 34, EV 80.0 MPH)
|
Batting: RHB Yojiro Hayashi
|
0-0: Ground out 6-3 (Groundball, 6, EV 83.1 MPH)
|
Top of the 9th over - 0 runs, 0 hits, 0 errors, 0 left on base; Danville 27 - Washington (APP) 0 |
BOTTOM OF THE 9TH |
Washington (APP) Nationals batting - Pitching for Danville Braves : RHP Jeremy Mash
|
Batting: RHB Gregg Huddleston
|
0-0: Ball 1-0: Ground out 6-3 (Groundball, 6, EV 85.0 MPH)
|
Batting: RHB Antonio Vallez
|
0-0: Called Strike 0-1: Ball 1-1: Foul Ball, location: 2F 1-2: Strikes out looking
|
Batting: RHB Lamar Thornton
|
0-0: Called Strike 0-1: SINGLE (Line Drive, 78S, EV 108.1 MPH)
|
Batting: SHB Curtis DeLille
|
0-0: Called Strike 0-1: Ball 1-1: Ball 2-1: Foul Ball, location: 2F 2-2: Ball 3-2: Base on Balls Lamar Thornton to second
|
Batting: RHB Chad Madsen
|
0-0: Called Strike 0-1: Ball 1-1: Foul Ball, location: 2F 1-2: Fielders Choice at 2nd, U4 (Groundball, 4M, EV 85.6 MPH)
|
Bottom of the 9th over - 0 runs, 1 hit, 0 errors, 2 left on base; Danville 27 - Washington (APP) 0 |
|